 Dungeon Crawl Stone Soup version 0.20-a0-941-gba1b1f9 (webtiles) character file.

207 winWinterter the Insei (level 5, 0/39 HPs)
             Began as a Demonspawn Gladiator on Mar 31, 2017.
             Killed from afar by an orc wizard (10 damage)
             ... with a magic dart
             ... on level 3 of the Dungeon on Apr 1, 2017.
             The game lasted 00:11:11 (3845 turns).

winWinterter the Insei (Demonspawn Gladiator)       Turns: 3845, Time: 00:11:11

Health: 0/39       AC: 10    Str: 19    XL:     5   Next: 54%
Magic:  5/5        EV:  6    Int: 15    God:
Gold:   177        SH:  3    Dex: 15    Spells: 4/4 levels left

rFire    . . .     SeeInvis .     - Unarmed
rCold    . . .     Gourm    .   (no shield)
rNeg     + . .     Faith    .   q - +0 chain mail (curse)
rPois    .         Spirit   .   c - +1 helmet
rElec    .         Reflect  +   (no cloak)
rCorr    .         Harm     .   (no gloves)
MR       .....                  (no boots)
Stlth    ..........             w - +3 amulet of reflection
Regen    0.2/turn               v - -2 ring of evasion (curse)
MPRegen  0.1/turn               m - ring of positive energy

@: mighty, brilliant
A: claws 1, hooves 1, powered by death 2
a: no special abilities


You were on level 3 of the Dungeon.
You were not hungry.

You visited 1 branch of the dungeon, and saw 4 of its levels.

You collected 177 gold pieces.

Inventory:

Hand Weapons
 a - a +0 long sword
Missiles
 d - 3 throwing nets (quivered)
 g - 26 arrows
 k - 4 tomahawks
Armour
 b - a +0 leather armour
 c - a +1 helmet (worn)
 q - a cursed +0 chain mail (worn)
Jewellery
 e - an uncursed ring of resist corrosion
 m - a ring of positive energy (right claw)
 p - a +3 ring of intelligence
 v - a cursed -2 ring of evasion (left claw)
 w - a +3 amulet of reflection (around neck)
Wands
 h - a wand of random effects (31/48)
 t - a wand of digging (6/24)
Scrolls
 i - 5 scrolls of identify
 l - a scroll of blinking
Potions
 o - a potion of haste {unknown}
 r - a potion of berserk rage {unknown}
Comestibles
 j - 4 bread rations
 s - 2 meat rations


   Skills:
 + Level 2.4 Fighting
 - Level 3.1 Long Blades
 + Level 1.8 Throwing
 + Level 1.4 Armour
 + Level 3.1 Dodging
 * Level 3.6 Unarmed Combat


You had 4 spell levels left.
You didn't know any spells.

Dungeon Overview and Level Annotations

Branches:
Dungeon (4/15)
 Temple: D:4-7

Altars:

Annotations:
D:2 Robin


Innate Abilities, Weirdness & Mutations

You have sharp fingernails.
You have large cloven feet.
You regenerate health from kills.


Message History

The magic dart hits you!
* * * LOW HITPOINT WARNING * * *
It was a potion of brilliance.
You feel clever all of a sudden.
The orc wizard hits you but does no damage.
The orc wizard hits you with a dagger.
* * * LOW HITPOINT WARNING * * *
It was a potion of might.
You feel very mighty all of a sudden. The orc wizard closely misses you.
The orc wizard hits you but does no damage.
The orc wizard hits you with a dagger.
* * * LOW HITPOINT WARNING * * *
The orc wizard hits you but does no damage.
You closely miss the orc wizard. You kick the orc wizard.
The orc wizard is severely wounded.
The orc wizard hits you but does no damage.
The orc wizard casts a spell at you. The magic dart hits you!
You die...

.......# #........# #.....# ###
.......###.......## #.....# #<.
###.####.........# #.....#######
# #.# #.....(...# #...........# #
#.# #....)....# #...........# #
#.# #....(....# #...........# #
#.# #.........# #...........# #
#.# #.......oo# #...........#
###.####........@# ####.........
#..............#########)########
#.#.#######..............#
#.#'#######.##############
#...........#...........#
#...........#.........#.#########
#...........#....)....'..........
#...........#.........#.#########
#...........####......#.# #


You could see 2 orc wizards.

Vanquished Creatures
  A bullfrog skeleton (D:4)
  Terence (D:2)
  4 adders
  An ooze (D:1)
  2 worms
  2 leopard geckos
  11 orcs (D:3)
  9 giant cockroaches
  16 goblins
  9 hobgoblins
  2 jackals (D:1)
  5 kobolds
  2 quokkas
  7 bats
  7 frilled lizards
  7 rats
86 creatures vanquished.

Notes
Turn   | Place    | Note
-------+----------+-------------------------------------------
     0 | D:1      | winWinterter the Demonspawn Gladiator began the quest for the Orb.
     0 | D:1      | Reached XP level 1. HP: 16/16 MP: 1/1
   241 | D:1      | Gained mutation: You have sharp fingernails. [demonic ancestry]
   241 | D:1      | Reached XP level 2. HP: 22/22 MP: 2/2
   720 | D:1      | Reached skill level 1 in Unarmed Combat
   835 | D:1      | Gained mutation: You regenerate a little health from kills. [demonic ancestry]
   835 | D:1      | Reached XP level 3. HP: 27/27 MP: 3/3
  1353 | D:2      | Noticed Robin
  1462 | D:2      | Noticed Terence
  1651 | D:2      | Killed Terence
  1651 | D:2      | Gained mutation: You have large cloven feet. [demonic ancestry]
  1651 | D:2      | Reached XP level 4. HP: 21/34 MP: 4/4
  1851 | D:1      | HP: 1/34 [bat (1)]
  2886 | D:3      | Reached skill level 1 in Armour
  2997 | D:3      | Gained mutation: You regenerate health from kills. [demonic ancestry]
  2997 | D:3      | Reached XP level 5. HP: 39/39 MP: 5/5
  3845 | D:3      | Killed from afar by an orc wizard

Vault maps used:
D:1:      dpeg_arrival_connections, minmay_hexomino_p4
D:2:      uniq_robin, uniq_terence, uniq_natasha
D:3:      first_bread
D:4:      okawaru_ov_weapons_minmay, serial_shops, shop,
          chequers_ossuary_entry_cave, elyvilon_altar_5

Skill      XL: |  1  2  3  4 |
---------------+-------------+-----
Long Blades    | 3 |  3.1
Unarmed Combat | 1 2 3 |  3.6
Dodging        | 3 |  3.1
Armour         | 1 |  1.4
Fighting       | |  2.4
Throwing       | |  1.8

Action                   |  1- 3 |  4- 6 || total
-------------------------+-------+-------++-------
Melee: Long sword        |    32 |       ||    32
       Unarmed           |   179 |   204 ||   383
       Punch             |     2 |     1 ||     3
       Kick              |       |    59 ||    59
  Use: Potion            |     1 |     3 ||     4
       Scroll            |     1 |     2 ||     3
 Stab: Distracted        |     1 |       ||     1
  Eat: Chunk             |     2 |     1 ||     3
       Fruit             |     1 |     2 ||     3
       Bread ration      |     1 |       ||     1
Armor: Leather armour    |    30 |       ||    30
       Chain mail        |    36 |   143 ||   179
Dodge: Dodged            |   124 |    91 ||   215
Block: Other             |       |     5 ||     5
       Rpst.: Long sword |    11 |       ||    11
